Unix NetHack Version 5.0.0-0 post-release - last build May  4 2026 22:22:43 (774f63e81ad911689b3a0859ea89b322d5daca8d,branch:main).

Game began 2026-05-05 04:13:58, ended 2026-05-05 22:47:05.

Gregony, neutral male human Barbarian

       -------
       |.....|--
      --.....|.---
      -...[^.....|
     -....---....---      --
    |.....  --...f.0---   .....|
    --...-   --<.--@h)...G...-
     ----     ----|GG.--    .|
                  ---G|      |
                      |

Gregony the Bandit         St:18/02 Dx:15 Co:17 In:8 Wi:9 Ch:6  Neutral
Dlvl:6  $:383 HP:0(57) Pw:11(11) AC:2  Xp:6 T:3087 

Latest messages:
 (For instructions type a '?')
 Done.
 You can't go down here.
 You climb up the stairs.
 The kitten doesn't seem to move!
 #
 #ch: unknown extended command.
 #
 Talk to whom? (in what direction)
 The kitten seems not to notice you.
 You descend the stairs.
 You are hit by an arrow!
 You are hit by an arrow!
 u - an uncursed dwarvish mattock (weapon in hands).
 a - a +0 two-handed sword (alternate weapon; not wielded).
 With great effort you move the boulder.
 a - a +0 two-handed sword (weapon in hands).
 u - an uncursed dwarvish mattock (alternate weapon; not wielded).
 The gnome king throws an aklys!
 The aklys misses the gnome lord.
 You are hit by an aklys!
 The aklys returns to the gnome king's hand!
 The gnome lord's aklys shatters from the force of your blow!
 The gnome lord turns to flee.
 You kill the gnome lord!
 The gnome lord shoots 2 arrows!
 The 1st arrow hits the gnome king!
 The 2nd arrow hits the gnome king!
 The gnome king picks up an arrow.
 The gnome king swings his aklys.
 The gnome king hits!
 The dwarf wields a dagger!
 The gnome swings her bow.
 The gnome hits!
 The gnome hits!
 You kill the gnome!
 The gnome shoots 2 crossbow bolts!
 The 1st crossbow bolt hits the dwarf.
 The 2nd crossbow bolt misses the dwarf.
 You are hit by the 2nd crossbow bolt.
 The gnome king swings his aklys.
 The gnome king hits!
 The dwarf picks up a bow.
 The gnome hits!
 You die...
 Do you want your possessions identified? [ynq] (y)
 Do you want to see your attributes? [ynq] (y)
 Do you want an account of creatures vanquished? [ynaq] (y)
 Do you want to see your conduct and achievements? [ynq] (y)
 Do you want to see the dungeon overview? [ynq] (y)

Inventory:
 Coins    ('$')
  $ - 383 gold pieces
 Amulets  ('"')
  L - an uncursed amulet of guarding
 Weapons  (')')
  b - a blessed +0 axe
  u - a +0 dwarvish mattock (alternate weapon; not wielded)
  a - a +0 two-handed sword (weapon in hands)
 Armor    ('[')
  t - an uncursed rusty +0 helm of caution (being worn)
  v - a blessed +0 pair of iron shoes (being worn)
  w - an uncursed +0 dwarvish cloak (being worn)
  x - an uncursed +0 dwarvish mithril-coat (being worn)
 Comestibles  ('%')
  d - 2 uncursed food rations
  n - an uncursed tripe ration
  F - an uncursed tin of spinach
 Scrolls  ('?')
  z - 2 uncursed scrolls of blank paper
  s - 2 uncursed scrolls of confuse monster
  A - a cursed scroll of enchant armor
  m - an uncursed scroll of gold detection
  D - a cursed scroll of identify
  I - a cursed scroll of light
  f - 2 uncursed scrolls of teleportation
 Potions  ('!')
  E - an uncursed potion of booze
  B - an uncursed potion of full healing
  k - an uncursed potion of healing
  l - a cursed potion of healing
  r - an uncursed potion of restore ability
  e - an uncursed potion of water
 Rings    ('=')
  c - an uncursed ring of conflict
 Wands    ('/')
  G - a wand of striking (0:5)
 Tools    ('(')
  y - an uncursed blindfold
  J - an uncursed tallow candle
  H - a cursed tallow candle

Gregony the Barbarian's attributes:

Background:
 You were a Bandit, a level 6 male human Barbarian.
 You were neutral, on a mission for Crom
 who was opposed by Mitra (lawful) and Set (chaotic).
 You were right-handed.
 You were in the Gnomish Mines, on level 6.
 You entered the dungeon 3087 turns ago.
 It was nighttime.
 You had 557 experience points, 83 more were needed to attain level 7.

Basics:
 You had 0 out of 57 hit points.
 You had all 11 energy points (spell power).
 Your armor class was 2.
 Your wallet contained 383 zorkmids.
 Autopickup was off.

Final Characteristics:
 Your strength was 18/02 (limit:18/100).
 Your dexterity was 15 (limit:18).
 Your constitution was 17 (peak:18, limit:18).
 Your intelligence was 8 (limit:18).
 Your wisdom was 9 (limit:18).
 Your charisma was 6 (limit:18).

Final Status:
 You weren't hungry.
 You were unencumbered.
 You were wielding a two-handed sword.
 You were skilled in two-handed sword.

Final Attributes:
 You were piously aligned.
 Your items were somewhat protected from fire.
 Your items were somewhat protected from cold.
 You were poison resistant.
 You were telepathic.
 You were warned.
 You were guarded.
 You are dead.

Miscellaneous:
 You didn't encounter any bones levels.
 Total elapsed playing time was 34 minutes and 19 seconds.

Major events:
 Turn
    1: Gregony the neutral male human Barbarian entered the dungeon
  910: attained the rank of Pillager (level 3)
 1162: entered the Gnomish Mines
 2328: attained the rank of Bandit (level 6)
 3087: killed by a gnome

You didn't know any spells.

Skills:
 Fighting Skills
   bare handed combat [Basic]
   two weapon combat  [Unskilled]
   riding             [Unskilled]
 Weapon Skills
   dagger             [Unskilled]
   axe                [Basic]
   pick-axe           [Unskilled]
   short sword        [Unskilled]
   broadsword         [Unskilled]
   long sword         [Unskilled]
   two-handed sword   [Skilled]
   saber              [Unskilled]
   club               [Unskilled]
   mace               [Unskilled]
   morning star       [Unskilled]
   flail              [Unskilled]
   hammer             [Unskilled]
   quarterstaff       [Unskilled]
   spear              [Unskilled]
   trident            [Unskilled]
   bow                [Unskilled]
 Spellcasting Skills
   attack spells      [Unskilled]
   escape spells      [Unskilled]

Voluntary challenges:
 Character rerolling was not enabled.
 You were illiterate.
 You never genocided any monsters.
 You never polymorphed an object.
 You never changed form.
 You used no wishes.
Achievements:
 You attained the rank of Pillager.
 You entered the Gnomish Mines.
 You attained the rank of Bandit.

 The Dungeons of Doom: levels 1 to 4
    Level 1:
       An altar, a fountain, a sink.
    Level 2:
    Level 3:
       Stairs down to The Gnomish Mines.
    Level 4:
       A fountain.
 The Gnomish Mines: levels 4 to 6
    Level 4:
    Level 5:
    Level 6: <- You were here.
       Final resting place for
          you, killed by a gnome.


Vanquished creatures:
  5 Mordor orcs
  a rock piercer
  a fog cloud
  a yellow light
  a shrieker
  3 gnome leaders
  a gnomish wizard
  a kobold mummy
  a paper golem
  2 floating eyes
  6 dwarves
  a homunculus
  a kobold leader
  a rothe
  a giant bat
  2 werejackals
 an iguana
  2 hobbits
  2 giant rats
  a yellow mold
 23 gnomes
  a gecko
  5 jackals
  a kobold
  2 goblins
  a sewer rat
  5 lichens
  2 kobold zombies
  5 newts
80 creatures vanquished.

No species were genocided or became extinct.

Game over:
                       ----------
                      /          \
                     /    REST    \
                    /      IN      \
                   /     PEACE      \
                  /                  \
                  |     Gregony      |
                  |      383 Au      |
                  |   killed by a    |
                  |      gnome       |
                  |                  |
                  |                  |
                  |       2026       |
                 *|     *  *  *      | *
        _________)/\\_//(\/(/\)/\//\/|_)_______

Goodbye Gregony the Barbarian...

You died in The Gnomish Mines on dungeon level 6 with 2823 points,
and 383 pieces of gold, after 3087 moves.
You were level 6 with a maximum of 57 hit points when you died.

